 Dungeon Crawl Stone Soup version 0.21-a0-279-g6037ffb (webtiles) character file.

660 nikopol the Magician (level 7, 0/36 HPs)
             Began as a Deep Elf Fire Elementalist on Sept 23, 2017.
             Was an Initiate of Sif Muna.
             Slain by a killer bee zombie (6 damage)
             ... on level 6 of the Dungeon.
             The game lasted 00:13:08 (3915 turns).

nikopol the Magician (Deep Elf Fire Elementalist)   Turns: 3915, Time: 00:13:09

Health: 0/36       AC:  1    Str:  5    XL:     7   Next: 30%
Magic:  6/18       EV: 13    Int: 22    God:    Sif Muna [......]
Gold:   229        SH:  0    Dex: 15    Spells: 7/18 levels left

rFire    . . .     SeeInvis .   e - +0 short sword
rCold    . . .     Gourm    .   (no shield)
rNeg     . . .     Faith    .   a - +0 robe
rPois    .         Spirit   .   q - +0 helmet
rElec    .         Reflect  .   i - +0 cloak
rCorr    .         Harm     .   (no gloves)
MR       .....                  (no boots)
Stlth    +++.......             (no amulet)
HPRegen  0.12/turn              h - -3 ring of protection (curse)
MPRegen  0.16/turn              (no ring)

@: very slightly contaminated
A: no striking features
a: Renounce Religion


You were on level 6 of the Dungeon.
You worshipped Sif Muna.
Sif Muna was noncommittal.
You were hungry.

You visited 1 branch of the dungeon, and saw 6 of its levels.

You collected 229 gold pieces.

Inventory:

Hand Weapons
 e - a +0 short sword (weapon)
Armour
 a - a +0 robe (worn)
 i - a +0 cloak (worn)
 q - a +0 helmet (worn)
Jewellery
 h - a cursed -3 ring of protection (left hand)
Wands
 r - a wand of digging (7/24)
 z - a wand of polymorph (17/24)
 H - a wand of iceblast (9/15)
Scrolls
 j - a scroll of remove curse {unknown}
 n - 2 scrolls of identify
 s - a scroll of magic mapping {unknown}
 t - a scroll of fog {unknown}
 v - 2 scrolls of amnesia {unknown}
 y - a scroll of enchant armour {unknown}
 A - a scroll of noise {unknown}
 B - a scroll of random uselessness {unknown}
 C - a scroll of teleportation
 E - a scroll of fear {unknown}
 F - a scroll of immolation {unknown}
 G - a scroll of blinking {unknown}
Potions
 d - a potion of flight
 k - 2 potions of lignification
 l - 3 potions of haste {unknown}
 m - a potion of heal wounds {unknown}
 o - a potion of agility {unknown}
 u - a potion of brilliance {unknown}
 w - 2 potions of curing
 x - a potion of cancellation {unknown}
 D - a potion of might {unknown}
Books
 b - a book of Flames

   Spells                             Type                      Level
   a - Flame Tongue                   Conjuration/Fire             1
   b - Throw Flame                    Conjuration/Fire             2
   c - Conjure Flame                  Conjuration/Fire             3
   d - Inner Flame                    Hexes/Fire                   3
   e - Sticky Flame                   Conjuration/Fire             4
   f - Fireball                       Conjuration/Fire             5
Comestibles
 c - 6 bread rations
 f - a meat ration
 g - 4 fruits
 p - 2 royal jellies


   Skills:
 + Level 0.1 Fighting
 + Level 2.8 Dodging
 + Level 3.8 Stealth
 + Level 6.1 Spellcasting
 + Level 4.8 Conjurations
 + Level 5.9 Fire Magic


You had 7 spell levels left.
You knew the following spells:

 Your Spells              Type           Power        Failure   Level  Hunger
a - Flame Tongue          Conj/Fire      ####.        1%          1    None
b - Throw Flame           Conj/Fire      ####..       1%          2    None
c - Conjure Flame         Conj/Fire      ####....     3%          3    #......
d - Fireball              Conj/Fire      ####......   26%         5    #####..


Dungeon Overview and Level Annotations

Branches:
Dungeon (6/15)             Temple (0/1) D:5

Altars:
Gozag
Ru
Sif Muna

Annotations:
D:5 Grinder


Message History

The orc wizard gestures wildly while chanting.
The orc wizard blinks!
The killer bee zombie is engulfed in blazing flames.
Casting: Flame Tongue
Confirm with . or Enter, or press ? or * to list all spells.
Aiming: Flame Tongue
Press: ? - help, Shift-Dir - straight line, f/p - orc wizard
Aim: an orc wizard, wielding a dagger and wearing a robe (severely wounded)
The flame tongue hits the orc wizard.
You kill the orc wizard!
Sif Muna accepts your kill.
The killer bee zombie barely misses you.
Casting: Flame Tongue
Confirm with . or Enter, or press ? or * to list all spells.
Aiming: Flame Tongue
Press: ? - help, Shift-Dir - straight line, f - killer bee zombie
Aim: a killer bee zombie (moderately damaged)
The flame tongue misses the killer bee zombie.
The killer bee zombie hits you.
You die...

#. #.#.#### #...
#.#.o..## #...
#.#..... #...
#.#....# #...
#.#....#
#...###.##...#
####..##.##.#.####
+.)...Z§...........
#####@##....###.###
#..###### .# ##.##
# #..# ##.## .#
#..# #.# ##.## #.#
#..# #.#
##.#####.#####


You could see a killer bee zombie.

Vanquished Creatures
  Sigmund (D:4)
  A scorpion (D:5)
  2 orc wizards (D:6)
  2 hounds
  A centaur skeleton (D:4)
  Jessica (D:4)
  Natasha (thrice) (D:2)
  A worker ant (D:5)
  A worker ant zombie (D:5)
  Robin (D:2)
  4 gnolls
  4 adders
  An adder skeleton (D:5)
  3 worms
  2 dart slugs
  2 leopard geckos
  2 orcs
  A ball python (D:4)
  7 bats
  2 giant cockroaches
  11 goblins
  7 hobgoblins
  8 jackals
  6 kobolds
  2 quokkas
  3 frilled lizards
  5 rats
84 creatures vanquished.

Notes
Turn   | Place    | Note
-------+----------+-------------------------------------------
     0 | D:1      | nikopol the Deep Elf Fire Elementalist began the quest for the Orb.
     0 | D:1      | Reached XP level 1. HP: 10/10 MP: 6/6
   266 | D:1      | Reached XP level 2. HP: 15/15 MP: 6/8
   653 | D:2      | Noticed Natasha
   660 | D:2      | Killed Natasha
   660 | D:2      | Reached XP level 3. HP: 19/19 MP: 2/9
   886 | D:2      | Reached XP level 4. HP: 21/24 MP: 1/11
  1131 | D:2      | Noticed Robin
  1145 | D:2      | Killed Robin
  1249 | D:2      | Noticed Natasha
  1256 | D:2      | Learned a level 2 spell: Throw Flame
  1261 | D:2      | Killed Natasha
  1261 | D:2      | Reached skill level 4 in Spellcasting
  1361 | D:2      | Noticed Natasha
  1370 | D:2      | Killed Natasha
  1370 | D:2      | Reached XP level 5. HP: 28/28 MP: 10/13
  1929 | D:3      | Learned a level 3 spell: Conjure Flame
  1935 | D:3      | Learned a level 5 spell: Fireball
  2018 | D:3      | Reached skill level 5 in Fire Magic
  2653 | D:4      | Noticed Sigmund
  2668 | D:4      | Killed Sigmund
  2668 | D:4      | Reached skill level 5 in Spellcasting
  2668 | D:4      | Reached XP level 6. HP: 27/32 MP: 5/16
  2745 | D:4      | Noticed Jessica
  2747 | D:4      | Killed Jessica
  2778 | D:4      | Found a deep blue altar of Sif Muna.
  2786 | D:4      | Became a worshipper of Sif Muna the Loreminder
  3212 | D:4      | Found an opulent altar of Gozag.
  3322 | D:5      | Entered Level 5 of the Dungeon
  3427 | D:5      | Reached XP level 7. HP: 36/36 MP: 11/17
  3550 | D:5      | Noticed Grinder
  3557 | D:5      | Paralysed by Grinder for 2 turns
  3731 | D:5      | Found a staircase to the Ecumenical Temple.
  3858 | D:6      | Found a sacrificial altar of Ru.
  3899 | D:6      | Reached skill level 6 in Spellcasting
  3915 | D:6      | Slain by a killer bee zombie

Vault maps used:
D:1:      lemuel_arrival_cross
D:2:      uniq_robin, uniq_natasha
D:3:      first_bread, kennysheep_generic_room_12
D:4:      kennysheep_mini_moat, tgw_sif, uniq_sigmund
D:5:      minmay_temple_entry_statues_pillars, uniq_grinder
D:6:      old_standard_altar

Skill      XL: |  1  2  3  4  5  6  7 |
---------------+----------------------+-----
Fire Magic     | 4 5 |  5.9
Stealth        | 3 |  3.8
Conjurations   | 2 4 |  4.8
Spellcasting   | 4 5 6 |  6.1
Fighting       | |  0.1
Dodging        | |  2.8

Action                   |  1- 3 |  4- 6 |  7- 9 || total
-------------------------+-------+-------+-------++-------
 Cast: Flame Tongue      |    43 |   107 |    23 ||   173
       Throw Flame       |       |     7 |     6 ||    13
       Conjure Flame     |       |     1 |     1 ||     2
  Use: Scroll            |       |       |     6 ||     6
  Eat: Chunk             |       |     7 |     1 ||     8
Armor: Robe              |     1 |     1 |       ||     2
Dodge: Dodged            |     9 |    21 |     4 ||    34

Table legend:
 A = Spawn XP
 B = Non-spawn XP
 C = Spawn XP percentage of total XP
 D = Spawn monster count
 E = Non-spawn monster count
 F = Spawn count percentage of total count
 G = Total turns spent on level
                    A         B        C        D         E        F      G
               +---------+---------+-------+---------+---------+-------+---------
         Total |       0 |     943 |   0.0 |       0 |      84 |   0.0 |  3915
               +---------+---------+-------+---------+---------+-------+---------
           D:1 |       0 |      17 |   0.0 |       0 |      10 |   0.0 |   467
           D:2 |       0 |     198 |   0.0 |       0 |      26 |   0.0 |  1224
           D:3 |       0 |     133 |   0.0 |       0 |      24 |   0.0 |   925
           D:4 |       0 |     373 |   0.0 |       0 |      15 |   0.0 |   758
           D:5 |       0 |     137 |   0.0 |       0 |       7 |   0.0 |   431
           D:6 |       0 |      85 |   0.0 |       0 |       2 |   0.0 |   110
               +---------+---------+-------+---------+---------+-------+---------
